AoeStats
← 大明朱元璋

MegaRandom

510410879Analyzed
4v4 RM · 18h ago on Sep 30, 2026· 47m 2s· 8 players
Game mode
Random Map
Map size
Large (8 player)
Population
200
Speed
Normal
Resources
Standard
Victory
Conquest
Starting age
Dark Age
Ending age
Imperial Age
RankedLock teamsTeams togetherTeam positionsShared explorationLock speedFull tech treeHidden civsTurbo modeCheats
Victory
Defeat
🇮🇹 Burgundians · Italy
1116
+10
🇮🇹 Byzantines · Italy
1105
+10
🇬🇧 Huns · United Kingdom
1045
+13
🇮🇹 Persians · Italy
841
+21
🇵🇪 Spanish · Peru
1026
-16
🇱🇻 Armenians · Latvia
993
-14
🇦🇷 Mongols · Argentina
961
-13
🇰🇷 Franks · South Korea
911
-11
leperamaximiliano
10:20 Feudal Age
11:34 Double-Bit Axe
17:07 Castle Age
16:07 Fletching
32:46 Wheelbarrow
36:35 Hand Cart
40:32 Imperial Age
38:09 Padded Archer Armor
38:40 Town Watch
40:05 Bow Saw
42:29 Chemistry
41:57 Ballistics
43:26 Bodkin Arrow
0204isaias
6:08 Loom
13:16 Feudal Age
22:11 Castle Age
21:00 Double-Bit Axe
21:11 Stone Mining
22:28 Gold Mining
23:34 Bloodlines
23:54 Horse Collar
25:15 Heavy Plow
28:56 Padded Archer Armor
40:08 Leather Archer Armor
43:36 Imperial Age
43:55 Bow Saw
c190
0:30 Loom
13:54 Feudal Age
22:47 Castle Age
22:21 Scale Barding Armor
22:27 Forging
23:01 Double-Bit Axe
23:09 Stone Mining
23:40 Bloodlines
24:24 Pikeman
36:25 Gold Mining
44:26 Halberdier
大明朱元璋
2:56 Loom
12:17 Feudal Age
13:44 Wheelbarrow
13:04 Double-Bit Axe
17:23 Castle Age
16:46 Stone Mining
16:46 Gold Mining
29:24 Imperial Age
27:27 Husbandry
27:44 Forging
27:40 Scale Barding Armor
28:33 Hand Cart
27:55 Pikeman
28:59 Bow Saw
29:35 Gold Shaft Mining
30:11 Iron Casting
31:08 Conscription
30:17 Cavalier
32:50 Blast Furnace
31:26 Cavalier
32:49 Conscription
34:43 Chain Barding Armor
33:55 Ordonnance Companies
36:17 Chivalry
37:26 Paladin
42:24 Plate Barding Armor
46:37 Caravan
46:53 Pikeman
47:34 Squires
ALOAMALOA
1:38 Loom
14:02 Feudal Age
23:20 Castle Age
24:11 Bloodlines
24:44 Padded Archer Armor
24:37 Fletching
25:20 Elite Skirmisher
25:48 Light Cavalry
26:30 Husbandry
27:34 Thumb Ring
41:42 Scale Barding Armor
41:48 Forging
49:32 Imperial Age
Cunctator
7:10 Loom
11:09 Feudal Age
11:44 Double-Bit Axe
15:53 Fletching
23:07 Castle Age
21:14 Gold Mining
29:33 Horse Collar
30:55 Bow Saw
32:06 Wheelbarrow
35:11 Imperial Age
32:14 Elite Skirmisher
33:25 Bodkin Arrow
33:32 Padded Archer Armor
35:55 Hand Cart
36:04 Crossbowman
38:43 Conscription
38:55 Padded Archer Armor
39:02 Scale Barding Armor
38:58 Bracer
39:08 Forging
39:33 Ballistics
40:14 Chemistry
41:25 Thumb Ring
41:23 Squires
42:18 Husbandry
41:39 Light Cavalry
41:41 Heavy Camel Rider
43:14 Bracer
43:35 Chain Barding Armor
46:15 Pikeman
46:42 Arson
47:10 Scale Mail Armor
47:36 Caravan
FreakinFlavio
0:44 Loom
12:59 Feudal Age
14:27 Man-at-Arms
15:23 Gold Mining
15:26 Double-Bit Axe
20:20 Castle Age
19:53 Stone Mining
19:46 Horse Collar
20:13 Fletching
20:43 Bloodlines
20:41 Town Watch
21:12 Bow Saw
21:32 Husbandry
28:29 Horse Collar
29:48 Heavy Plow
34:56 Imperial Age
34:15 Wheelbarrow
33:58 Bodkin Arrow
34:04 Padded Archer Armor
36:02 Conscription
35:22 Capped Ram
36:20 Bracer
38:47 Two-Man Saw
38:16 Leather Archer Armor
38:13 Thumb Ring
38:35 Parthian Tactics
40:09 Caravan
45:07 Elite Skirmisher
46:16 Squires
46:03 Arson
46:16 Pikeman
lorenzo021
7:10 Loom
9:55 Feudal Age
8:13 Double-Bit Axe
9:10 Horse Collar
15:38 Wheelbarrow
19:34 Castle Age
18:04 Bow Saw
17:53 Gold Mining
18:36 Heavy Plow
18:56 Scale Barding Armor
19:48 Forging
20:26 Cavalier
21:07 Husbandry
24:33 Hand Cart
27:24 Gold Shaft Mining
27:25 Stone Mining
29:32 Chain Barding Armor
29:50 Town Watch
31:01 Fletching
32:18 Iron Casting
36:52 Imperial Age
34:42 Town Patrol
35:41 Stone Shaft Mining
36:03 Bodkin Arrow
36:23 Burgundian Vineyards
37:49 Crop Rotation
37:55 Conscription
38:43 Chemistry
37:14 Paladin
38:59 Blast Furnace
42:35 Two-Man Saw
44:22 Plate Barding Armor
Connection lost

Rejoining the realm…

Still unreachable

The connection could not be restored.

Session expired

The server has moved on; the page needs a fresh start.